 Dungeon Crawl Stone Soup version 0.29.0-4-gdea44cf6ec (webtiles) character file.

Game seed: 1780119771358633421

102 qw the Chopper (level 4, -2/26 HPs)
             Began as a Tengu Warper on Aug 28, 2022.
             Killed by divine providence
             ... invoked by an orc priest
              (13 damage)
             ... on level 3 of the Dungeon.
             The game lasted 00:00:17 (2472 turns).

qw the Chopper (Tengu Warper)                       Turns: 2472, Time: 00:00:17

Health: -2/26      AC:  9    Str: 13    XL:     4   Next: 77%
Magic:  8/8        EV:  6    Int: 13    God:
Gold:   194        SH:  0    Dex: 14    Spells: 7/7 levels left

rFire   . . .      SeeInvis .   Y - +1 hand axe (chaos)
rCold   . . .      Faith    .   (no shield)
rNeg    . . .      Spirit   .   e - +0 chain mail
rPois   .          Reflect  .   (helmet restricted)
rElec   .          Harm     .   j - +0 cloak
rCorr   .          Rampage  .   (no gloves)
Will    .....                   (boots unavailable)
Stlth   ..........              (no amulet)
HPRegen 0.08/turn               (no ring)
MPRegen 0.11/turn               (no ring)

@: no status effects
A: beak, talons 3
a: no special abilities


You were on level 3 of the Dungeon.
You visited 1 branch of the dungeon, and saw 3 of its levels.

You collected 194 gold pieces.


Innate Abilities, Weirdness & Mutations

You have a beak for a mouth.
You have claws for feet.


   Skills:
 - Level 2.0 Fighting
 - Level 5.2 Axes
 - Level 1.0 Throwing
 + Level 1.2 Armour
 - Level 2.1 Dodging
 - Level 2.0 Spellcasting
 - Level 2.4 Translocations


You had 7 spell levels left.
You didn't know any spells.
Your spell library contained the following spells:

 Spells                   Type           Power      Damage    Failure   Level
 Blink                    Tloc           14%        N/A       99%         2
 Gell's Gravitas          Tloc           7%         N/A       100%        3
 Lesser Beckoning         Tloc           7%         N/A       100%        3
 Teleport Other           Tloc           7%         N/A       100%        3
 Manifold Assault         Tloc           7%         N/A       100%        5

Inventory:

Hand Weapons
 g - a +0 flail
 Y - a +1 hand axe of chaos (weapon)
Missiles
 b - 3 boomerangs (quivered)
Armour
 e - a +0 chain mail (worn)
 j - a +0 cloak (worn)
Scrolls
 a - a scroll of identify
 c - 2 scrolls of teleportation
Potions
 f - a potion of resistance {unknown}

Dungeon Overview and Level Annotations

Branches:
Dungeon (3/15)

Altars:
Gozag


Message History

The orc wizard gestures wildly while chanting.
The orc wizard flickers and vanishes!
Deactivating autopickup; reactivate with Ctrl-A.
Things that are here:
a +0 leather armour; a +0 hand axe
2466 ||| Stepping ~*~*~tactically~*~*~ (hiding).
Things that are here:
a +0 falchion; a +0 leather armour; an orc corpse The orc hits you with a +0 dagger.
Things that are here:
a +0 leather armour; a +0 hand axe You hit the orc but do no damage.
The orc is poisoned.
Your kick misses the orc. You hit the orc priest.
The orc priest is lightly wounded.
You hit the orc but do no damage.
The orc looks as sick as possible!
The orc hits you but does no damage.
The orc priest hits you but does no damage.
The orc hits you but does no damage.
The orc priest mumbles some strange prayers to Beogh against you.
Beogh smites you!
Ouch! That really hurt!
You hit the orc priest. You burn the orc priest.
Your kick misses the orc priest. Your peck misses the orc priest.
The orc priest is moderately wounded.
You completely miss the orc.
The orc priest calls upon Beogh to heal the orc.
The orc's wounds heal themselves!
The orc barely misses you.
You hit the orc priest. Your peck misses the orc priest.
Your punch misses the orc priest.
The orc priest is heavily wounded.
You hit the orc but do no damage. The orc hits you but does no damage.
The orc priest hits you but does no damage.
You hit the orc but do no damage. Lightning courses through the orc!
You kill the orc!
You hit the orc priest.
The orc priest is poisoned.
The orc priest invokes the aid of Beogh against you.
Beogh smites you!
Ouch! That really hurt!
You die...

#o....# #####.....#
#.....##### #.###)#
#.# #####o#######
............#
######...
......#####.#
#)o....#
.........##.####@##
#####....#......).##
#......##.#.#<.#
#####.###.#.#..# #.#
#.#.#..# #..
..#....# . #####...#
# #.### #..


You could see an orc priest (very poisoned).

Vanquished Creatures
  2 adders (D:2)
  3 worms
  A dart slug (D:1)
  12 orcs (D:3)
  4 ball pythons
  4 bats
  2 endoplasms
  5 giant cockroaches
  5 goblins
  4 hobgoblins (D:2)
  3 kobolds
  3 quokkas
  8 frilled lizards
  4 rats
60 creatures vanquished.

Notes
Turn   | Place    | Note
-------+----------+-------------------------------------------
     0 | D:1      | qw the Tengu Warper began the quest for the Orb.
     0 | D:1      | Reached XP level 1. HP: 12/12 MP: 4/4
     0 | D:1      | 0 ||| qw: Version: 0.1-a-89-g26bdef1
     0 | D:1      | 0 ||| qw: Game counter: 3016
     0 | D:1      | 0 ||| qw: Always use a shield: true
     0 | D:1      | 0 ||| qw: God list: Okawaru
     0 | D:1      | 0 ||| qw: Allow faded altars: false
     0 | D:1      | 0 ||| qw: Do Orc after D:15 true
     0 | D:1      | 0 ||| qw: Do second Lair branch before Depths: true
     0 | D:1      | 0 ||| qw: Lair rune preference: random
     0 | D:1      | 0 ||| qw: Plans: Normal
     0 | D:1      | 0 ||| PLANNING D:1-11
    34 | D:1      | 34 ||| Stepping ~*~*~tactically~*~*~ (stealth).
    70 | D:1      | 70 ||| Stepping ~*~*~tactically~*~*~ (hiding).
   173 | D:1      | 173 ||| Stepping ~*~*~tactically~*~*~ (hiding).
   180 | D:1      | Reached skill level 3 in Axes
   180 | D:1      | Reached XP level 2. HP: 17/17 MP: 6/6
   514 | D:1      | 514 ||| Stepping ~*~*~tactically~*~*~ (stealth).
   515 | D:1      | 515 ||| Stepping ~*~*~tactically~*~*~ (stealth).
   876 | D:1      | Found a faded altar of an unknown god.
   916 | D:1      | Reached XP level 3. HP: 17/21 MP: 7/7
  1008 | D:1      | 1008 ||| READING 2 scrolls labelled OPO PILAIBRI.
  1009 | D:1      | 1009 ||| READING scroll labelled VAIDYA ICHINET.
  1014 | D:1      | 1014 ||| DROPPING scroll of blinking.
  1061 | D:2      | 1061 ||| STAIRDANCE
  1067 | D:2      | 1067 ||| STAIRDANCE
  1084 | D:2      | 1084 ||| Stepping ~*~*~tactically~*~*~ (stealth).
  1099 | D:2      | 1099 ||| Stepping ~*~*~tactically~*~*~ (stealth).
  1100 | D:2      | 1100 ||| Stepping ~*~*~tactically~*~*~ (stealth).
  1108 | D:2      | Reached skill level 4 in Axes
  1363 | D:2      | Reached XP level 4. HP: 22/26 MP: 8/8
  1684 | D:2      | 1684 ||| Stepping ~*~*~tactically~*~*~ (stealth).
  1696 | D:2      | 1696 ||| Stepping ~*~*~tactically~*~*~ (stealth).
  1812 | D:2      | 1812 ||| UPGRADING to +0 cloak.
  1817 | D:2      | 1817 ||| READING scroll labelled CAIHOSTUWU.
  1818 | D:2      | 1818 ||| READING scroll labelled MICIPOUREI.
  1819 | D:2      | 1819 ||| READING scroll labelled QELICKONOP.
  1820 | D:2      | 1820 ||| READING scroll labelled SES WAEHAUPSI.
  1821 | D:2      | 1821 ||| READING scroll labelled WEUTO SIHOVYPLO.
  1822 | D:2      | 1822 ||| READING 2 scrolls of identify.
  1822 | D:2      | 1822 ||| IDENTIFYING fizzy cyan potion
  1823 | D:2      | 1823 ||| DROPPING potion of magic.
  1856 | D:3      | 1856 ||| Stepping ~*~*~tactically~*~*~ (stealth).
  1871 | D:3      | 1871 ||| Stepping ~*~*~tactically~*~*~ (stealth).
  1873 | D:3      | 1873 ||| Stepping ~*~*~tactically~*~*~ (stealth).
  1919 | D:3      | 1919 ||| Stepping ~*~*~tactically~*~*~ (stealth).
  1921 | D:3      | 1921 ||| Stepping ~*~*~tactically~*~*~ (stealth).
  1934 | D:3      | Reached skill level 5 in Axes
  1964 | D:3      | 1964 ||| DROPPING +0 mace.
  1970 | D:3      | Found an opulent altar of Gozag.
  2007 | D:3      | 2007 ||| Stepping ~*~*~tactically~*~*~ (stealth).
  2009 | D:3      | 2009 ||| Stepping ~*~*~tactically~*~*~ (stealth).
  2064 | D:3      | 2064 ||| Stepping ~*~*~tactically~*~*~ (stealth).
  2080 | D:3      | 2080 ||| FLEEEEING.
  2081 | D:3      | 2081 ||| FLEEEEING.
  2082 | D:3      | 2082 ||| FLEEEEING.
  2083 | D:3      | 2083 ||| FLEEEEING.
  2084 | D:3      | 2084 ||| FLEEEEING.
  2085 | D:3      | 2085 ||| FLEEEEING.
  2086 | D:3      | 2086 ||| FLEEEEING.
  2087 | D:3      | 2087 ||| FLEEEEING.
  2088 | D:3      | 2088 ||| FLEEEEING.
  2089 | D:3      | 2089 ||| FLEEEEING.
  2090 | D:3      | 2090 ||| FLEEEEING.
  2091 | D:3      | 2091 ||| FLEEEEING.
  2092 | D:3      | 2092 ||| FLEEEEING.
  2093 | D:3      | 2093 ||| FLEEEEING.
  2094 | D:3      | 2094 ||| FLEEEEING.
  2097 | D:3      | 2097 ||| FLEEEEING.
  2098 | D:3      | 2098 ||| FLEEEEING.
  2099 | D:3      | 2099 ||| FLEEEEING.
  2100 | D:3      | 2100 ||| FLEEEEING.
  2101 | D:3      | 2101 ||| FLEEEEING.
  2102 | D:3      | 2102 ||| FLEEEEING.
  2103 | D:3      | 2103 ||| FLEEEEING.
  2104 | D:3      | 2104 ||| FLEEEEING.
  2109 | D:3      | 2109 ||| FLEEEEING.
  2116 | D:3      | 2116 ||| STAIRDANCE
  2290 | D:2      | 2290 ||| UPGRADING to +0 chain mail.
  2300 | D:2      | 2300 ||| DROPPING +0 leather armour.
  2301 | D:2      | 2301 ||| DROPPING +0 ring mail.
  2302 | D:2      | 2302 ||| READING scroll labelled FUNKIFRYIDU.
  2405 | D:3      | 2405 ||| STAIRDANCE
  2466 | D:3      | 2466 ||| Stepping ~*~*~tactically~*~*~ (hiding).
  2472 | D:3      | Killed from afar by an orc priest

Levels and vault maps discovered:
D:1:      tarquinn_simple_flora_water_c, layout_loops_ring,
          hellmonk_ecumenical_altar_heavens_door
D:2:      layout_basic
D:3:      layout_basic, nicolae_tso_besieged_by_evil,
          mainiacjoe_overflow_alcove_1, fedhas_altar_4

Skill      XL: |  1  2  3  4 |
---------------+-------------+-----
Axes           | 3 4 5 |  5.2
Fighting       | |  2.0
Throwing       | |  1.0
Armour         | |  1.2
Dodging        | |  2.1
Spellcasting   | |  2.0
Translocations | |  2.4

Action                   |  1- 3 |  4- 6 || total
-------------------------+-------+-------++-------
Melee: Hand axe          |    69 |    58 ||   127
       Kick              |    17 |    14 ||    31
       Peck              |     6 |     8 ||    14
       Punch             |       |     3 ||     3
Throw: Boomerang         |     7 |       ||     7
  Use: Scroll            |     2 |     7 ||     9
Armor: Leather armour    |    12 |     8 ||    20
       Chain mail        |       |     5 ||     5
Dodge: Dodged            |    43 |    21 ||    64

Table legend:
 A = Non-vault XP
 B = Vault XP
 C = Vault XP percentage of total XP
 D = Non-vault monster count
 E = Vault monster count
 F = Vault count percentage of total count
                 A         B        C        D         E       F
            +---------+---------+-------+---------+---------+-------
      Total |     149 |       0 |   0.0 |      60 |       0 |   0.0
            +---------+---------+-------+---------+---------+-------
        D:1 |      37 |       0 |   0.0 |      21 |       0 |   0.0
        D:2 |      63 |       0 |   0.0 |      20 |       0 |   0.0
        D:3 |      49 |       0 |   0.0 |      19 |       0 |   0.0
            +---------+---------+-------+---------+---------+-------
